 Dungeon Crawl Stone Soup version 0.31-a0-150-g89dc3ad700 (webtiles) character file.

Game seed: 4926559026310953379

774 ketsa the Magician (level 7, -2/36 HPs)
             Began as a Deep Elf Air Elementalist on June 8, 2023.
             Was an Initiate of Hepliaklqana.
             Slain by a water moccasin (8 damage)
             ... on level 5 of the Dungeon.
             The game lasted 00:15:49 (6315 turns).

ketsa the Magician (Deep Elf Air Elementalist)      Turns: 6315, Time: 00:15:50

Health: -2/36      AC:  2    Str:  5    XL:     7   Next: 53%
Magic:  16/18      EV: 12    Int: 22    God:    Hepliaklqana [......]
Gold:   300        SH:  0    Dex: 15    Spells: 8/18 levels left

rFire   . . .        i - +1 dagger (speed)
rCold   . . .        (no shield)
rNeg    . . .        a - +0 robe
rPois   .            (no helmet)
rElec   .            (no cloak)
rCorr   .            (no gloves)
SInv    +            (no boots)
Will    .....        (no amulet)
Stlth   ++           n - ring of wizardry
HPRegen 0.26/turn    t - ring of see invisible
MPRegen 0.16/turn

%: wizardry (x1)
@: lethally poisoned (-2 -> -14)
A: no striking features
a: Renounce Religion


You were on level 5 of the Dungeon.
You worshipped Hepliaklqana.
Hepliaklqana was noncommittal.
You visited 2 branches of the dungeon, and saw 7 of its levels.

You collected 300 gold pieces.

Inventory:

Hand Weapons
 d - a +0 short sword
 i - a +1 dagger of speed (weapon)
Missiles
 e - 63 stones
 k - 8 poisoned darts
 m - 5 boomerangs
Armour
 a - a +0 robe (worn)
Jewellery
 n - a ring of wizardry (left hand)
 t - a ring of see invisible (right hand)
 u - the amulet of Radiudghu {Faith Harm rF- MP+9}
   (You found it on level 5 of the Dungeon)

   [amulet of faith]

   It allows you to gain divine favour quickly.
   rF:        It makes you vulnerable to fire.
   MP:        It affects your magic capacity (+9).
   Harm:      It increases damage dealt and taken.
Scrolls
 c - a scroll of torment {unknown}
 f - a scroll of fog {unknown}
 h - a scroll of amnesia {unknown}
 l - a scroll of fear {unknown}
 o - 2 scrolls of noise {unknown}
 q - a scroll of blinking
 r - a scroll of enchant weapon {unknown}
 s - a scroll of enchant armour {unknown}
 x - a scroll of vulnerability {unknown}
Potions
 g - 2 potions of curing
 p - a potion of mutation
 v - a potion of attraction {unknown}
 w - a potion of brilliance {unknown}


   Skills:
 + Level 0.1 Fighting
 + Level 2.5 Dodging
 - Level 2.4 Stealth
 + Level 6.2 Spellcasting
 + Level 4.5 Conjurations
 + Level 4.0 Hexes
 + Level 5.7 Air Magic


You had 8 spell levels left.
You knew the following spells:

 Your Spells              Type           Power      Damage    Failure   Level
a - Shock                 Conj/Air       100%       1d9       1%          1
b - Static Discharge      Conj/Air       58%        2-5/arc   1%          2
c - Airstrike             Air            16%        2d(3-19)  3%          4
d - Swiftness             Air            32%        N/A       1%          3

Your spell library contained the following spells:

 Spells                   Type           Power      Damage    Failure   Level
 Ensorcelled Hibernation  Hex/Ice        30%        N/A       2%          2
 Ozocubu's Armour         Ice            6%         N/A       11%         3
 Spider Form              Tmut/Pois      6%         N/A       11%         3
 Anguish                  Hex/Necr       7%         N/A       16%         4
 Ozocubu's Refrigeration  Ice            3%         4d8       100%        7


Dungeon Overview and Level Annotations

Branches:
Dungeon (6/15)             Temple (1/1) D:5

Altars:
Ashenzari
Dithmenos
Elyvilon
Gozag
Hepliaklqana
Kikubaaqudgha
Makhleb
Nemelex Xobeh
Okawaru
Qazlal
Ru
Trog
Uskayaw
Xom
Yredelemnul
Zin

Shops:
D:1 ((((   D:5 [

Annotations:
D:3 2 transporters, BobG's ghost, amateur MiBe
D:4 Sigmund


Message History

The orc wizard points at you and mumbles some strange words.
The magic dart hits you. The phantom hits you.
The phantom blinks!
You blink.
The water moccasin misses you. The phantom hits you.
The phantom blinks!
You blink.
A gnoll sergeant comes into view. It is wielding a +1 heavy spear.
Found 41 gold pieces.
A gnoll comes into view. It is wielding a +0 club.
The gnoll sergeant moves out of view.
A gnoll comes into view. It is wielding a +0 whip.
The phantom closely misses you.
A gnoll comes into view. It is wielding a +0 flail.
Blink to where?
Press: ? - help, Dir - move target
As you read the scroll labelled COLEL IJECADU, it crumbles to dust.
It was a scroll of blinking.
The water moccasin bites you but does no damage.
The orc hits you from afar with a +0 trident!
The water moccasin closely misses you. The orc misses you.
The water moccasin bites you.
* * * LOW HITPOINT WARNING * * *
You are lethally poisoned!
The water moccasin poisons you!
You climb upwards.
* * * LOW HITPOINT WARNING * * *
You feel very sick.
There is a stone staircase leading down here.
You feel better. The water moccasin barely misses you.
Casting: Shock (safe; 1% risk of failure)
Confirm with . or Enter, or press ? or * to list all spells.
The water moccasin is struck by an arc of lightning.
The water moccasin is lightly wounded.
You are struck by an arc of lightning.
* * * LOW HITPOINT WARNING * * *
The water moccasin is struck by an arc of lightning.
The water moccasin is moderately wounded.
The lightning grounds out.
The water moccasin bites you.
* * * LOW HITPOINT WARNING * * *
You are lethally poisoned!
The water moccasin poisons you! The water moccasin bites you!
You die...

#.# #.# #.##.# #.# #.#
#.##.# #.# ##.###.##.#
#.#########.∩.......######
#.[..............#..)....#
#.################.#####.#
#.......## ##.## #.#
######...########...####.##
#.#.S@[..............#
#...########...####..#
##### #.....## #..# #.#####
#..# #.# #... #.# ##.. #.#
### #.# #.# #


You could see a water moccasin.

Vanquished Creatures
  Eustachio (D:4)
  A black bear (D:5)
  A bullfrog (D:5)
  A howler monkey (D:5)
  A jelly (D:4)
  3 hounds
  2 orc priests
  3 iguanas
  8 adders
  3 worms
  5 dart slugs
  14 orcs
  2 bats (D:1)
  4 endoplasms
  3 giant cockroaches (D:3)
  6 goblins
  2 hobgoblins
  7 jackals
  7 kobolds
  4 quokkas
  2 ball pythons
  10 frilled lizards
  6 rats
96 creatures vanquished.

Notes
Turn   | Place    | Note
-------+----------+-------------------------------------------
     0 | D:1      | ketsa the Deep Elf Air Elementalist began the quest for the
                  | Orb.
     0 | D:1      | Reached XP level 1. HP: 10/10 MP: 6/6
    66 | D:1      | Found Noamues's Weapon Emporium.
    71 | D:1      | Found Viakioq's Weapon Shop.
   118 | D:1      | Found Apegueck's Antique Weapon Shoppe.
   202 | D:1      | Reached XP level 2. HP: 15/15 MP: 4/8
   285 | D:1      | Learned a level 2 spell: Static Discharge
   552 | D:1      | Found Guazuw's Weapon Shop.
   962 | D:2      | Reached XP level 3. HP: 16/19 MP: 1/10
  1686 | D:2      | Found a faded altar of an unknown god.
  1895 | D:2      | Reached XP level 4. HP: 24/24 MP: 7/11
  1949 | D:2      | Reached skill level 4 in Spellcasting
  2516 | D:3      | Found a transporter.
  2826 | D:3      | Reached XP level 5. HP: 28/28 MP: 5/13
  3101 | D:3      | Found a transporter.
  3103 | D:3      | Noticed BobG's ghost (amateur MiBe)
  3812 | D:4      | Reached skill level 1 in Hexes
  3960 | D:4      | Noticed Eustachio
  3973 | D:4      | Killed Eustachio
  3974 | D:4      | Reached skill level 5 in Spellcasting
  3974 | D:4      | Reached skill level 5 in Air Magic
  3974 | D:4      | Reached XP level 6. HP: 10/32 MP: 3/15
  4305 | D:4      | Noticed Sigmund
  4488 | D:4      | Identified the +1 ring mail of Temperance {Contam rF+ rN+++
                  | Str+4}
  4824 | D:5      | Entered Level 5 of the Dungeon
  5014 | D:5      | Found Qatreg's Antique Armour Shoppe.
  5017 | D:5      | Identified the amulet of Radiudghu {Faith Harm rF- MP+9}
  5135 | D:5      | Found a staircase to the Ecumenical Temple.
  5162 | Temple   | Entered the Ecumenical Temple
  5275 | Temple   | Became a worshipper of Hepliaklqana the Forgotten
  5348 | D:5      | Learned a level 4 spell: Airstrike
  5352 | D:5      | Learned a level 3 spell: Swiftness
  5364 | D:5      | Reached XP level 7. HP: 31/36 MP: 6/17
  5869 | D:5      | Reached skill level 6 in Spellcasting
  6315 | D:5      | Slain by a water moccasin

Illustrated notes

Levels and vault maps discovered:
D:1:      onia_arrival_pentagram, layout_basic, serial_shops,
          nicolae_shop_stone, nicolae_shop_getting_attention, shop, shop
D:2:      layout_loops_ring, shapermc_ecumenical_altar_flowoftime,
          nicolae_half_adder
D:3:      layout_basic, gammafunk_ghost_mausoleum, minmay_increasing_density
D:4:      layout_layer_cave, grunt_ministairs_3, kennysheep_cross_bottleneck,
          minmay_misc_feat_plants, uniq_sigmund, uniq_eustachio
D:5:      layout_loops_ring, minmay_temple_entry_large_hall, serial_shops, shop
D:6:      layout_cave_pools, corner_web_ring
Temple:   compressed_dpeg_triangle_lava_temple

Skill      XL: |  1  2  3  4  5  6  7 |
---------------+----------------------+-----
Conjurations   | 2 3 4 |  4.5
Air Magic      | 4 5 |  5.7
Spellcasting   | 4 5 6 |  6.2
Hexes          | 2 3 4 |  4.0
Fighting       | |  0.1
Dodging        | |  2.5
Stealth        | |  2.4

Action                     |  1- 3 |  4- 6 |  7- 9 || total
---------------------------+-------+-------+-------++-------
  Melee: Short sword       |    23 |       |       ||    23
         Punch             |     1 |       |       ||     1
         Dagger            |       |     1 |       ||     1
   Cast: Shock             |    80 |   131 |    55 ||   266
         Static Discharge  |     1 |       |     2 ||     3
         Airstrike         |       |     2 |       ||     2
         Swiftness         |       |       |     1 ||     1
    Use: Scroll            |       |     2 |     4 ||     6
         Potion            |       |       |     2 ||     2
 Armour: Robe              |     6 |     7 |     4 ||    17
  Dodge: Dodged            |    13 |    15 |    43 ||    71

Table legend: (Time is in decaauts)
 A = Elapsed time spent in this place.
 B = Non-inter-level travel time spent in this place.
 C = Inter-level travel time spent in this place.
 D = Time resting spent in this place.
 E = Time spent auto-exploring this place.
 F = Levels seen in this place.
 G = Mean time per level.
                   A        B        C        D        E       F      G
               +--------+--------+--------+--------+--------+-----+--------+
         Total |   6315 |   6224 |     91 |   1550 |   3667 |   7 |  902.1 |
       Dungeon |   6188 |   6109 |     79 |   1550 |   3605 |   6 | 1031.3 |
        Temple |    126 |    114 |     12 |      0 |     62 |   1 |  126.0 |
               +--------+--------+--------+--------+--------+-----+--------+

Top non-repeatable levels by time:
     D:4: 1622 daAuts
     D:2: 1325 daAuts
     D:5: 1230 daAuts
     D:1: 939 daAuts
     D:3: 934 daAuts
     D:6: 136 daAuts
  Temple: 126 daAuts
